 Dungeon Crawl Stone Soup version 0.21-a0-84-g85d6d27 (webtiles) character file.

501 sscrono2 the Covert (level 7, -1/46 HPs)
             Began as an Octopode Assassin on July 6, 2017.
             Slain by a rat (3 damage)
             ... on level 4 of the Dungeon.
             The game lasted 00:06:26 (3913 turns).

sscrono2 the Covert (Octopode Assassin)             Turns: 3913, Time: 00:06:27

Health: -1/46      AC:  3    Str: 10    XL:     7   Next: 17%
Magic:  9/9        EV: 13    Int: 16    God:
Gold:   247        SH:  0    Dex: 13    Spells: 6/6 levels left

rFire    . . .     SeeInvis .   a - +2 dagger
rCold    . . .     Gourm    .   (no shield)
rNeg     . . .     Faith    .   m - +2 hat
rPois    .         Spirit   .   (no amulet)
rElec    .         Reflect  .   (no ring)
rCorr    .         Harm     .   (no ring)
MR       .....                  (no ring)
Stlth    +++++.....             (no ring)
HPRegen  0.15/turn              (no ring)
MPRegen  0.11/turn              (no ring)
                                (no ring)
                                (no ring)

@: no status effects
A: almost no armour, stealthy swim, amphibious, 8 rings, constrict 8, camouflage
1, gelatinous body 1
a: no special abilities


You were on level 4 of the Dungeon.
You were not hungry.

You visited 1 branch of the dungeon, and saw 4 of its levels.

You collected 247 gold pieces.

Inventory:

Hand Weapons
 a - a +2 dagger (weapon)
 b - a +0 blowgun
Missiles
 c - 24 poisoned needles
 d - 2 curare-tipped needles
Armour
 m - a +2 hat (worn)
Jewellery
 h - a cursed ring of loudness {unknown}
 s - a +4 ring of evasion {unknown}
Wands
 t - a wand of digging (13/24)
Scrolls
 e - 2 scrolls of fear {unknown}
 g - 3 scrolls of enchant weapon {unknown}
 i - 4 scrolls of identify {unknown}
 o - 2 scrolls of recharging {unknown}
 u - a scroll of blinking {unknown}
 v - 3 scrolls of magic mapping {unknown}
 y - a scroll of noise {unknown}
 C - a scroll of enchant armour {unknown}
Potions
 j - 2 potions of lignification
 k - a potion of mutation {unknown}
 l - 2 potions of might {unknown}
 p - a potion of agility {unknown}
 q - 2 potions of flight {unknown}
 r - a potion of cancellation {unknown}
 x - a potion of heal wounds {unknown}
 z - a potion of curing {unknown}
 A - a potion of magic {unknown}
 D - a potion of brilliance {unknown}
 E - 2 potions of berserk rage {unknown}
Comestibles
 f - 2 bread rations
 n - 14 chunks of flesh
 w - a royal jelly
 B - a meat ration


   Skills:
 + Level 3.3 Fighting
 + Level 3.3 Short Blades
 - Level 2.0 Throwing
 - Level 1.0 Dodging
 * Level 9.0 Stealth
 * Level 3.4 Evocations


You had 6 spell levels left.
You didn't know any spells.

Dungeon Overview and Level Annotations

Branches:
Dungeon (4/15)
 Temple: D:4-7

Altars:
Sif Muna

Annotations:
D:1 dig


Innate Abilities, Weirdness & Mutations

You cannot wear most types of armour.
You are very stealthy in the water. (Stealth+)
You are amphibious.
You can wear up to eight rings at the same time.
You can use your tentacles to constrict eight enemies at once.
Your skin changes colour to match your surroundings (Stealth+).
Your rubbery body absorbs attacks. (AC +1, EV +1)


Message History

* * * LOW HITPOINT WARNING * * *
You hit the adder.
The adder is moderately wounded.
You constrict the adder. You constrict the worm.
The rat splashes around in the water.
The adder bites you.
* * * LOW HITPOINT WARNING * * *
You hit the adder. You squeeze the adder.
You kill the adder!
You constrict the worm. The rat misses you.
The worm splashes around in the water.
You hit the worm.
The worm is severely wounded.
You constrict the worm. The rat bites you.
* * * LOW HITPOINT WARNING * * *
You hit the worm.
The worm is almost dead.
You constrict the worm.
You kill the worm!
The rat bites you.
You die...

########.< ##.###
#.. #...≈ # #..
#..≈≈≈# ##). #...#≈#
#... #..≈≈≈# #...
#..≈#≈# #...
##†≈r≈≈# #... #.)@†#
#... # #...≈# #...
... #....# #...
...S.##....# #>..
.........##### ##...
....###......#####
##..## ..
#####..†)..####..###
#####..)))÷.##
#####..##


You could see a rat.

Vanquished Creatures
  Blork the orc (D:4)
  The ghost of Korraeli the Ducker, a weakling FeTm (D:3)
  A centaur skeleton (D:4)
  A hound (D:4)
  An orc priest (D:4)
  An orc wizard (D:3)
  3 worker ants (D:4)
  Robin (D:4)
  4 gnolls
  6 adders
  A river rat (D:4)
  An ooze (D:1)
  3 worms
  2 dart slugs (D:2)
  5 leopard geckos
  8 orcs
  A ball python (D:2)
  6 bats
  6 giant cockroaches
  11 goblins
  6 hobgoblins
  2 quokkas (D:4)
  A frilled lizard (D:2)
  5 kobolds
  A leopard gecko skeleton (D:4)
  10 rats
89 creatures vanquished.

Notes
Turn   | Place    | Note
-------+----------+-------------------------------------------
     0 | D:1      | sscrono2 the Octopode Assassin began the quest for the Orb.
     0 | D:1      | Reached XP level 1. HP: 14/14 MP: 1/1
   261 | D:1      | Reached XP level 2. HP: 19/19 MP: 2/2
   322 | D:1      | Reached skill level 6 in Stealth
   927 | D:1      | Reached XP level 3. HP: 10/24 MP: 3/3
  1390 | D:2      | Reached skill level 7 in Stealth
  1390 | D:2      | Reached XP level 4. HP: 8/30 MP: 4/4
  1678 | D:2      | Found a deep blue altar of Sif Muna.
  2588 | D:3      | Noticed Korraeli's ghost (weakling FeTm)
  2626 | D:3      | Killed Korraeli's ghost
  2626 | D:3      | Reached skill level 1 in Evocations
  2626 | D:3      | Reached XP level 5. HP: 33/35 MP: 5/5
  2923 | D:3      | Found a faded altar of an unknown god.
  3234 | D:4      | Reached skill level 8 in Stealth
  3301 | D:4      | Reached XP level 6. HP: 42/42 MP: 7/7
  3403 | D:4      | Noticed Blork the orc
  3407 | D:4      | Killed Blork the orc
  3778 | D:4      | Reached skill level 9 in Stealth
  3778 | D:4      | Reached XP level 7. HP: 27/46 MP: 9/9
  3833 | D:4      | Noticed Robin
  3864 | D:4      | Killed Robin
  3912 | D:4      | HP: 2/46 [rat (1)]
  3913 | D:4      | Slain by a rat

Vault maps used:
D:1:      dpeg_arrival_court, serial_curves, eino_curves_02, eino_curves_02,
          minmay_surrounded
D:2:      lemuel_blue_sif_altar
D:3:      chequers_ecumenical_altar_simple
D:4:      lightli_sewer_entry_pipes, first_bread, uniq_blork_the_orc, uniq_robin

Skill      XL: |  1  2  3  4  5  6 |
---------------+-------------------+-----
Stealth        | 6 7 8 9 |  9.0
Evocations     | 1 2 3 |  3.4
Fighting       | 3 |  3.3
Short Blades   | 3 |  3.3
Throwing       | |  2.0
Dodging        | |  1.0

Action                   |  1- 3 |  4- 6 |  7- 9 || total
-------------------------+-------+-------+-------++-------
Melee: Dagger            |    52 |   124 |    39 ||   215
       Tentacles         |     5 |    22 |     8 ||    35
       Constrict         |     8 |    21 |    12 ||    41
 Fire: Blowgun           |       |     6 |       ||     6
Evoke: Wand              |       |     1 |       ||     1
  Use: Scroll            |       |     1 |       ||     1
       Potion            |       |     1 |       ||     1
 Stab: Sleeping          |    14 |    10 |       ||    24
       Distracted        |     1 |       |       ||     1
  Eat: Chunk             |     1 |     8 |       ||     9
Armor: Skin              |     4 |    35 |     5 ||    44
Dodge: Dodged            |    37 |    60 |    23 ||   120
